 Seeded DCSS version 0.29-a0-555-g3b24f45cc1 (webtiles) character file.

Game seed: 1484345972434901162 (custom seed)

18 Hubjo the Insei (level 2, 0/22 HPs)
             Began as a Demonspawn Transmuter on June 7, 2022.
             Frozen to death by an endoplasm (5 damage)
             ... on level 1 of the Dungeon.
             The game lasted 00:00:42 (675 turns).

Hubjo the Insei (Demonspawn Transmuter)              Turns: 675, Time: 00:00:43

Health: 0/22       AC:  2    Str: 10    XL:     2   Next: 51%
Magic:  5/5        EV: 12    Int: 14    God:
Gold:   16         SH:  0    Dex: 13    Spells: 4/5 levels left

rFire   . . .      SeeInvis .     - Unarmed
rCold   . . .      Faith    .   (no shield)
rNeg    . . .      Spirit   .   a - +0 robe
rPois   .          Reflect  .   (no helmet)
rElec   .          Harm     .   (no cloak)
rCorr   .          Rampage  .   (no gloves)
Will    .....                   (no boots)
Stlth   +.........              (no amulet)
HPRegen 0.07/turn               (no ring)
MPRegen 0.09/turn               (no ring)

@: no status effects
A: claws 1
a: no special abilities


You were on level 1 of the Dungeon.
You visited 1 branch of the dungeon, and saw 1 of its levels.

You collected 16 gold pieces.

Inventory:

Armour
 a - a +0 robe (worn)
Jewellery
 h - a ring of wizardry
Scrolls
 e - a scroll of acquirement
 f - 2 scrolls of teleportation {unknown}
 g - a scroll of silence {unknown}
 i - a scroll of immolation {unknown}
Potions
 b - a potion of lignification
 c - a potion of curing {unknown}
 d - a potion of haste {unknown}


   Skills:
 * Level 1.7 Fighting
 - Level 1.7 Dodging
 + Level 0.5 Stealth
 + Level 2.8 Unarmed Combat
 + Level 2.1 Spellcasting
 + Level 2.0 Transmutations


You had 4 spell levels left.
You knew the following spells:

 Your Spells              Type           Power      Damage    Failure   Level
a - Beastly Appendage     Tmut           14%        N/A       10%         1

Your spell library contained the following spells:

 Spells                   Type           Power      Damage    Failure   Level
 Wereblood                Tmut           7%         N/A       16%         2
 Spider Form              Tmut/Pois      4%         N/A       43%         3
 Ice Form                 Ice/Tmut       4%         N/A       83%         4


Dungeon Overview and Level Annotations

Branches:
Dungeon (1/15)

Altars:


Innate Abilities, Weirdness & Mutations

You have sharp fingernails.


Message History

a +0 whip; a kobold corpse
i - a scroll labelled TUSU ONLAPP You see here a +0 ring mail.
Found a stone staircase leading down.
Found a stone staircase leading down.
As you open the door, it creaks loudly!
There is an open door here.
Found a ring mail.
An endoplasm comes into view.
An endoplasm is nearby!
The endoplasm quivers.
The endoplasm closely misses you. The endoplasm barely misses you.
The endoplasm misses you. The endoplasm barely misses you.
The endoplasm barely misses you. The endoplasm closely misses you.
The endoplasm hits you. The endoplasm freezes you.
You are frozen.
The endoplasm closely misses you. The endoplasm hits you.
The endoplasm barely misses you. The endoplasm freezes you.
You are frozen.
The endoplasm barely misses you. The endoplasm misses you.
The endoplasm hits you.
The endoplasm hits you but does no damage.
The endoplasm barely misses you. The endoplasm freezes you.
You are frozen.
The endoplasm hits you but does no damage.
The endoplasm freezes you.
You are frozen.
* * * LOW HITPOINT WARNING * * *
The endoplasm closely misses you. The endoplasm freezes you.
You are frozen.
You die...

##############
.............#
##.#########.# ...# #.#
#..# #.# #..#########.#
#..........#'#####
#>######.........#######
#...............@J....[.
#.######..........#.....
#.# #...)......# ... #.#
#..........# .
#>######..........#
###.......[..####..
#.#######..# ####
#..####.# #.......#


You could see an endoplasm.

Vanquished Creatures
  A gnoll (D:1)
  2 ball pythons (D:1)
  2 kobolds (D:1)
  A quokka (D:1)
  2 rats (D:1)
8 creatures vanquished.

Notes
Turn   | Place    | Note
-------+----------+-------------------------------------------
     0 | D:1      | Hubjo the Demonspawn Transmuter began the quest for the
                  | Orb.
     0 | D:1      | Reached XP level 1. HP: 15/15 MP: 3/3
    60 | D:1      | Discovered your monstrous ancestry.
    60 | D:1      | Gained mutation: You have sharp fingernails. [demonic
                  | ancestry]
    60 | D:1      | Reached XP level 2. HP: 8/21 MP: 3/5
    60 | D:1      | Identified a scroll of acquirement
   675 | D:1      | Frozen to death by an endoplasm

Illustrated notes

Levels and vault maps discovered:
D:1:      spicycebolla_arrival_xxxplode, layout_basic

Skill      XL: |  1  2 |
---------------+-------+-----
Transmutations | 2 |  2.0
Fighting       | |  1.7
Dodging        | |  1.7
Stealth        | |  0.5
Unarmed Combat | |  2.8
Spellcasting   | |  2.1

Action                   || total
-------------------------++-------
Melee: Unarmed           ||    23
       Kick              ||     3
       Headbutt          ||     2
 Cast: Beastly Appendage ||     3
Armor: Robe              ||     6
Dodge: Dodged            ||    21

Table legend: (Time is in decaauts)
 A = Elapsed time spent in this place.
 B = Non-inter-level travel time spent in this place.
 C = Inter-level travel time spent in this place.
 D = Time resting spent in this place.
 E = Time spent auto-exploring this place.
 F = Levels seen in this place.
 G = Mean time per level.
                   A        B        C        D        E       F      G
               +--------+--------+--------+--------+--------+-----+--------+
         Total |    673 |    673 |      0 |      0 |    585 |   1 |  673.0 |
       Dungeon |    673 |    673 |      0 |      0 |    585 |   1 |  673.0 |
               +--------+--------+--------+--------+--------+-----+--------+

Top non-repeatable levels by time:
     D:1: 673 daAuts
